 Dungeon Crawl Stone Soup version 0.30-a0-359-gd0147acb1a (webtiles) character file.

Game seed: 9088876232159784884

690 KennySheep the Chopper (level 7, -15/46 HPs)
             Began as a Human Wanderer on Nov 11, 2022.
             Demolished by an ogre
             ... wielding a +0 giant club
              (21 damage)
             ... while paralysed by Grinder
             ... on level 5 of the Dungeon.
             The game lasted 00:12:47 (3415 turns).

KennySheep the Chopper (Human Wanderer)             Turns: 3415, Time: 00:12:48

Health: -15/46     AC: 12    Str: 17    XL:     7   Next: 95%
Magic:  8/8        EV:  2    Int: 13    God:
Gold:   234        SH:  0    Dex: 15    Spells: 7/8 levels left

rFire   . . .      SeeInvis .    a - +2 hand axe
rCold   . . .      Faith    .    h - +2 buckler
rNeg    . . .      Spirit   .    f - +0 chain mail
rPois   .          Reflect  .    (no helmet)
rElec   .          Harm     .    k - +0 cloak
rCorr   .          Rampage  .    b - +0 pair of gloves
Will    .....                    (no boots)
Stlth   ..........               u - amulet of magic regeneration
HPRegen 0.27/turn                l - +6 ring of dexterity
MPRegen 0.51/turn                (no ring)

@: paralysed
A: no striking features
a: no special abilities


You were on level 5 of the Dungeon.
You visited 1 branch of the dungeon, and saw 5 of its levels.

You collected 234 gold pieces.

Inventory:

Hand Weapons
 a - a +2 hand axe (weapon)
Armour
 b - a +0 pair of gloves (worn)
 d - a +0 leather armour
 f - a +0 chain mail (worn)
 h - a +2 buckler (worn)
 k - a +0 cloak (worn)
Jewellery
 l - a +6 ring of dexterity (left hand)
 u - an amulet of magic regeneration (around neck)
Wands
 s - a wand of charming (8)
Scrolls
 c - a scroll of silence
 e - a scroll of identify
 o - a scroll of magic mapping
 p - a scroll of amnesia
 r - a scroll of noise
 t - a scroll of torment {unknown}
Potions
 g - 2 potions of heal wounds
 i - a potion of curing {unknown}
 j - a potion of berserk rage {unknown}
 m - a potion of ambrosia {unknown}
 n - a potion of magic {unknown}
 q - a potion of cancellation
 v - a potion of haste {unknown}


   Skills:
 * Level 7.3 Axes
 + Level 5.0 Armour
 - Level 2.0 Stealth
 - Level 1.0 Spellcasting
 - Level 2.0 Hexes


You had 7 spell levels left.
You knew the following spells:

 Your Spells              Type           Power      Damage    Failure   Level
a - Slow                  Hex            20%        N/A       92%         1

Your spell library contained the following spells:

 Spells                   Type           Power      Damage    Failure   Level
 Necrotise                Necr           0%         1d4       99%         1
 Sting                    Tmut/Pois      0%         1d3       99%         1
 Poisonous Vapours        Pois/Air       0%         N/A       100%        2
 Gell's Gravitas          Tloc           0%         N/A       100%        3
 Inner Flame              Hex/Fire       3%         N/A       100%        3
 Lesser Beckoning         Tloc           0%         N/A       100%        3
 Teleport Other           Tloc           0%         N/A       100%        3
 Vampiric Draining        Necr           0%         2d6       100%        3
 Olgreb's Toxic Radiance  Pois           0%         N/A       100%        4
 Agony                    Necr           0%         N/A       100%        5


Dungeon Overview and Level Annotations

Branches:
Dungeon (5/15)
 Temple: D:4-7

Altars:

Annotations:
D:5 Grinder, Pikel


Message History

Prince Ribbit is heavily wounded.
Prince Ribbit hits you.
You slash Prince Ribbit!
Prince Ribbit is severely wounded.
Prince Ribbit blinks!
You miss Prince Ribbit.
Prince Ribbit is severely wounded.
Prince Ribbit hits you.
You hit Prince Ribbit.
Prince Ribbit is severely wounded.
Prince Ribbit hits you but does no damage.
Prince Ribbit barely misses you.
You hit Prince Ribbit.
Prince Ribbit is severely wounded.
Prince Ribbit blinks!
An ogre comes into view. It is wielding a +0 giant club.
The ogre shouts!
You closely miss Prince Ribbit.
Prince Ribbit is severely wounded.
Prince Ribbit barely misses you. Prince Ribbit hits you!
You slash Prince Ribbit!
Prince Ribbit is almost dead.
Prince Ribbit croaks regally.
Prince Ribbit hits you!
You slash Prince Ribbit!
You kill Prince Ribbit!
Your Axes skill increases to level 7!
Your Armour skill increases to level 5!
There is an open door here.
A lemure and Grinder come into view.
Grinder is carrying a wand of flame (7).
The lemure shouts!
Grinder shouts!
You hear a shout!
Grinder gestures at you.
You suddenly lose the ability to move!
Pikel, Merchant of Souls comes into view.
He is wielding a +1 whip of flaming and carrying a wand of iceblast (12).
Pikel shouts!
Grinder zaps a wand.
The puff of flame hits you!
* * * LOW HITPOINT WARNING * * *
A lemure comes into view.
The ogre hits you with a +0 giant club!!
You die...

###....#
>)....############
#................
#....###'########
#..............#
#..............#
####...........#
#O####.###### #@# #.#
........####.#######
...5....##[.........
........##.#†#######
........##.#..# ...
....5...##.##.######...
..K.....##.#...........
...5....##.#.........(.
#.#...........


You could see Pikel, Grinder, an ogre and 2 lemures.

Vanquished Creatures
  Prince Ribbit (D:5)
  An ice beast (D:5)
  An ogre (D:4)
  A lemure (D:5)
  A necrophage (D:4)
  A scorpion (D:4)
  A jelly (D:4)
  Jessica (D:2)
  Ijyb (D:3)
  Robin (D:2)
  4 adders
  2 worms
  5 orcs
  6 endoplasms
  A giant cockroach (D:2)
  12 goblins
  6 hobgoblins
  5 kobolds
  4 quokkas
  5 ball pythons
  6 bats
  A frilled lizard (D:1)
  3 rats
70 creatures vanquished.

Notes
Turn   | Place    | Note
-------+----------+-------------------------------------------
     0 | D:1      | KennySheep the Human Wanderer began the quest for the Orb.
     0 | D:1      | KennySheep set off with the following items: a +2 hand axe,
                  | a +0 pair of gloves, a scroll of silence, a +0 leather
                  | armour; and the following spell memorised: Slow; and the
                  | following spells available to memorise: Inner Flame.
     0 | D:1      | Reached XP level 1. HP: 13/13 MP: 2/2
    53 | D:1      | Upgraded the game from 0.30-a0-358-g0d69a1922f to
                  | 0.30-a0-359-gd0147acb1a
   180 | D:1      | Reached XP level 2. HP: 13/19 MP: 3/3
   856 | D:2      | Noticed Robin
   860 | D:2      | Reached XP level 3. HP: 24/24 MP: 4/4
  1018 | D:2      | Killed Robin
  1019 | D:2      | Reached skill level 4 in Axes
  1036 | D:2      | Reached XP level 4. HP: 25/30 MP: 5/5
  1057 | D:2      | Noticed Jessica
  1064 | D:2      | Killed Jessica
  1827 | D:3      | Noticed Ijyb
  1924 | D:3      | Killed Ijyb
  1925 | D:3      | Reached XP level 5. HP: 31/35 MP: 6/6
  2306 | D:4      | Noticed an ogre
  2326 | D:4      | Killed an ogre
  2327 | D:4      | Reached skill level 5 in Axes
  2327 | D:4      | Reached XP level 6. HP: 10/41 MP: 7/7
  2976 | D:4      | Reached skill level 6 in Axes
  3057 | D:4      | Reached XP level 7. HP: 38/46 MP: 8/8
  3179 | D:5      | Entered Level 5 of the Dungeon
  3392 | D:5      | Noticed Prince Ribbit
  3407 | D:5      | Killed Prince Ribbit
  3408 | D:5      | Reached skill level 7 in Axes
  3408 | D:5      | Reached skill level 5 in Armour
  3413 | D:5      | Noticed Grinder
  3413 | D:5      | Paralysed by Grinder for 4 turns
  3413 | D:5      | Noticed Pikel
  3415 | D:5      | Demolished by an ogre

Illustrated notes

Levels and vault maps discovered:
D:1:      tarquinn_simple_flora_water_b, layout_loops_ring
D:2:      layout_rooms, grunt_ministairs_4, kennysheep_cluttered_room,
          uniq_robin, uniq_jessica
D:3:      layout_basic, serial_glass, glass_columns_a, glass_columns_b,
          glass_columns_a, glass_columns_a, glass_columns_b, glass_columns_b,
          uniq_ijyb
D:4:      layout_loops_ring
D:5:      black_bear_nest_2, layout_basic, minmay_temple_entry_arrows,
          uniq_prince_ribbit1, uniq_pikel, uniq_grinder

Skill      XL: |  1  2  3  4  5  6  7 |
---------------+----------------------+-----
Axes           | 4 5 6 7 |  7.3
Armour         | 3 4 5 |  5.0
Stealth        | |  2.0
Spellcasting   | |  1.0
Hexes          | |  2.0

Action                   |  1- 3 |  4- 6 |  7- 9 || total
-------------------------+-------+-------+-------++-------
Melee: Hand axe          |    75 |   148 |    48 ||   271
       Unarmed           |       |     7 |       ||     7
 Cast: Slow              |     2 |       |       ||     2
  Use: Scroll            |       |     4 |       ||     4
       Potion            |       |       |     1 ||     1
 Stab: Sleeping          |     1 |       |       ||     1
Armor: Leather armour    |    11 |       |       ||    11
       Chain mail        |    47 |    77 |    18 ||   142
Dodge: Dodged            |    27 |    51 |    14 ||    92
Block: Buckler           |       |    39 |     5 ||    44

Table legend: (Time is in decaauts)
 A = Elapsed time spent in this place.
 B = Non-inter-level travel time spent in this place.
 C = Inter-level travel time spent in this place.
 D = Time resting spent in this place.
 E = Time spent auto-exploring this place.
 F = Levels seen in this place.
 G = Mean time per level.
                   A        B        C        D        E       F      G
               +--------+--------+--------+--------+--------+-----+--------+
         Total |   3429 |   3311 |    118 |    169 |   2466 |   5 |  685.8 |
       Dungeon |   3429 |   3311 |    118 |    169 |   2466 |   5 |  685.8 |
               +--------+--------+--------+--------+--------+-----+--------+

Top non-repeatable levels by time:
     D:4: 915 daAuts
     D:1: 797 daAuts
     D:2: 781 daAuts
     D:3: 697 daAuts
     D:5: 237 daAuts
